 Dungeon Crawl Stone Soup version 0.27.1-33-g824d729ab1 (webtiles) character file.

Game seed: 6199381384868777198

280 Garessta the Jinx (level 6, -3/32 HPs)
             Began as a Vampire Enchanter on Dec 7, 2021.
             Slain by a gnoll (13 damage)
             ... on level 4 of the Dungeon.
             The game lasted 00:14:03 (3110 turns).

Garessta the Jinx (Vampire Enchanter)               Turns: 3110, Time: 00:14:04

Health: -3/32      AC:  5    Str: 13    XL:     6   Next: 5%
Magic:  2/9        EV: 12    Int: 18    God:
Gold:   172        SH:  0    Dex: 16    Spells: 3/9 levels left

rFire    . . .     SeeInvis +   h - +2 dagger (vamp)
rCold    + + .     Faith    .   (no shield)
rNeg     + + +     Spirit   .   b - +0 robe
rPois    ∞         Reflect  .   n - +0 helmet
rElec    .         Harm     .   e - +0 cloak
rCorr    .         Rampage  .   (no gloves)
Will     .....                  c - +0 pair of boots
Stlth    ++++++....             (no amulet)
HPRegen  0.00/turn              l - +6 ring of strength
MPRegen  0.11/turn              (no ring)

@: bloodless, inhibited regen
A: bloodless, fangs 3, see invisible, vampiric 2
a: Bat Form, Revivify


You were on level 4 of the Dungeon.
You visited 1 branch of the dungeon, and saw 4 of its levels.

You collected 172 gold pieces.

Inventory:

Hand Weapons
 h - a +2 vampiric dagger (weapon)
Missiles
 d - 6 silver javelins
Armour
 b - a +0 robe (worn)
 c - a +0 pair of boots (worn)
 e - a +0 cloak (worn)
 n - a +0 helmet (worn)
Jewellery
 l - a +6 ring of strength (left hand)
Scrolls
 a - a scroll of blinking {unknown}
 f - a scroll of noise {unknown}
 j - a scroll of enchant armour {unknown}
 k - a scroll of teleportation {unknown}
 o - 2 scrolls of acquirement {unknown}
Potions
 g - a potion of flight
 i - a potion of magic


   Skills:
 - Level 1.1 Short Blades
 - Level 2.1 Dodging
 + Level 7.0 Stealth
 - Level 2.0 Spellcasting
 * Level 8.5 Hexes


You had 3 spell levels left.
You knew the following spells:

 Your Spells              Type           Power      Damage    Failure   Level
a - Corona                Hex            35%        N/A       1%          1
b - Ensorcelled Hibernat  Hex/Ice        34%        N/A       4%          2
c - Confusing Touch       Hex            32%        N/A       1%          3

Your spell library contained the following spells:

 Spells                   Type           Power      Damage    Failure   Level
 Tukima's Dance           Hex            32%        N/A       1%          3
 Dazzling Flash           Conj/Hex       34%        N/A       10%         3
 Fulminant Prism          Conj/Hex       8%         3d7       30%         4
 Chain Lightning          Conj/Air       0%         2d1       100%        9


Dungeon Overview and Level Annotations

Branches:
Dungeon (4/15)
 Temple: D:4-7

Altars:
Cheibriados
Makhleb
Uskayaw
Wu Jian


Innate Abilities, Weirdness & Mutations

You do not regenerate when monsters are visible.
You are frail without blood (-20% HP).
You can heal yourself when you bite living creatures.
You are immune to poison.
You have razor-sharp teeth.
You have supernaturally acute eyesight. (SInv)
You are afflicted with vampirism and can become a bat while bloodless.


Message History

The helpless gnoll fails to defend itself.
You bite the gnoll, and draw its blood! You impale the gnoll!!
You kill the gnoll!
Your Stealth skill increases to level 7!
You have reached level 6!
Your experience leads to an increase in your attributes!
Your base attributes are Str 7, Int 18, Dex 15.
Increase (S)trength, (I)ntelligence, or (D)exterity?
Uppercase letters only, please.
You feel agile.
Casting: Ensorcelled Hibernation (safe; 4% risk of failure)
Confirm with . or Enter, or press ? or * to list all spells.
Aiming: Ensorcelled Hibernation (safe; 4% risk of failure)
Press: ? - help, Shift-Dir - straight line, f - gnoll
Aim: a gnoll, wielding a +0 flail (chance to affect: 55%)
The gnoll looks drowsy...
The helpless gnoll fails to defend itself.
You bite the gnoll, and draw its blood! You impale the gnoll!!
You kill the gnoll!
The gnoll closely misses you.
Casting: Ensorcelled Hibernation (safe; 4% risk of failure)
Confirm with . or Enter, or press ? or * to list all spells.
Aiming: Ensorcelled Hibernation (safe; 4% risk of failure)
Press: ? - help, Shift-Dir - straight line, f - gnoll
Aim: a gnoll, wielding a +0 halberd (chance to affect: 56%)
The gnoll resists with significant effort.
The gnoll hits you from afar with a +0 halberd!
Casting: Ensorcelled Hibernation (safe; 4% risk of failure)
Confirm with . or Enter, or press ? or * to list all spells.
Aiming: Ensorcelled Hibernation (safe; 4% risk of failure)
Press: ? - help, Shift-Dir - straight line, f/p - gnoll
Aim: a gnoll, wielding a +0 halberd (chance to affect: 56%)
The gnoll resists with significant effort.
The gnoll hits you from afar with a +0 halberd!
A goblin comes into view. It is wielding a +0 club.
The goblin shouts!
The goblin misses you.
There is a stone staircase leading up here.
The gnoll hits you from afar with a +0 halberd!
You die...

..............#
...(..........#
.####.........#
#.....#.##.##
.....Y......#
.......##.....#
.......##.....#
.........#.g..#
.........@..#
......##....###
..... #..g....#
....
#.......### .(.
#.........###
..
#.......#...# .
#.....#######
#.....# _.._
#.....# ..g.


You could see a gnoll and a goblin.

Vanquished Creatures
  A black bear (D:3)
  5 adders
  7 gnolls
  A worm (D:3)
  2 dart slugs
  3 orcs
  5 bats
  6 endoplasms
  A giant cockroach (D:1)
  7 goblins
  5 hobgoblins
  6 jackals
  4 quokkas
  5 ball pythons
  2 frilled lizards
  3 kobolds
  7 rats
70 creatures vanquished.

Notes
Turn   | Place    | Note
-------+----------+-------------------------------------------
     0 | D:1      | Garessta the Vampire Enchanter began the quest for the Orb.
     0 | D:1      | Reached XP level 1. HP: 13/13 MP: 3/3
   220 | D:1      | Reached skill level 5 in Hexes
   220 | D:1      | Reached XP level 2. HP: 19/19 MP: 5/5
   223 | D:1      | Learned a level 2 spell: Ensorcelled Hibernation
   407 | D:1      | Reached skill level 5 in Stealth
   953 | D:2      | Gained mutation: You are afflicted with vampirism and can
                  | become a bat while bloodless. [Vampire growth]
   953 | D:2      | Reached XP level 3. HP: 18/24 MP: 1/6
  1291 | D:2      | Reached skill level 6 in Hexes
  1535 | D:2      | Reached XP level 4. HP: 24/24 MP: 4/7
  2109 | D:3      | Reached skill level 7 in Hexes
  2225 | D:3      | Got the Grimoire of Arcane Weapons
  2230 | D:3      | Learned a level 3 spell: Confusing Touch
  2765 | D:3      | Reached XP level 5. HP: 28/28 MP: 2/8
  2839 | D:4      | Noticed a lemure
  2855 | D:4      | Noticed a black bear
  2863 | D:3      | Killed a black bear
  2864 | D:3      | Reached skill level 8 in Hexes
  2945 | D:4      | Noticed an ice beast
  3045 | D:4      | Noticed a lemure
  3064 | D:4      | Found an ornate altar of the Wu Jian Council.
  3066 | D:4      | Found a snail-covered altar of Cheibriados.
  3073 | D:4      | Found a burning altar of Makhleb.
  3073 | D:4      | Found a hide-covered altar of Uskayaw.
  3087 | D:4      | Reached XP level 6. HP: 32/32 MP: 6/9
  3110 | D:4      | Slain by a gnoll

Illustrated notes

Levels and vault maps discovered:
D:1:      wander_arrival_fairy_ring, layout_basic
D:2:      layout_loops_ring, grunt_ministairs_11, minmay_crystal_water,
          minmay_randomly_rotated_circles
D:3:      layout_rooms, minmay_misc_feat_four_crosses
D:4:      layout_rooms, minitemple, uniq_pikel

Skill      XL: |  1  2  3  4  5 |
---------------+----------------+-----
Hexes          | 5 6 7 8 |  8.5
Stealth        | 5 6 7 |  7.0
Short Blades   | |  1.1
Dodging        | |  2.1
Spellcasting   | |  2.0

Action                   |  1- 3 |  4- 6 || total
-------------------------+-------+-------++-------
Melee: Dagger            |    97 |    99 ||   196
       Bite              |     4 |    10 ||    14
 Cast: Corona            |     3 |       ||     3
       Ensorcelled Hiber |    13 |    30 ||    43
 Abil: Exsanguinate      |     2 |       ||     2
  Use: Scroll            |     1 |     4 ||     5
       Potion            |       |     3 ||     3
 Stab: Sleeping          |    20 |    23 ||    43
       Distracted        |     1 |     1 ||     2
Armor: Robe              |    18 |    33 ||    51
Dodge: Dodged            |    67 |    77 ||   144
